AoeStats
← rpgjenkins

Arabia

508109428Analyzed
1v1 RM · 11d ago on Sep 20, 2026· 37m 4s· 2 players
Game mode
Random Map
Map size
Tiny (2 player)
Population
200
Speed
Normal
Resources
Standard
Victory
Conquest
Starting age
Dark Age
Ending age
Imperial Age
RankedLock teamsTeams togetherTeam positionsShared explorationLock speedFull tech treeHidden civsTurbo modeCheats
Victory
Defeat
🇦🇷 Gurjaras · Argentina
840
+16
🇨🇦 Burgundians · Canada
832
-16
rpgjenkins
7:00 Loom
12:07 Feudal Age
28:02 Castle Age
28:44 Fletching
28:55 Padded Archer Armor
ROMANRIQUELME
7:00 Loom
9:24 Feudal Age
25:21 Castle Age
23:17 Double-Bit Axe
23:21 Horse Collar
25:12 Scale Barding Armor
25:17 Forging
25:47 Gold Mining
27:51 Iron Casting
35:22 Gold Shaft Mining
Connection lost

Rejoining the realm…

Still unreachable

The connection could not be restored.

Session expired

The server has moved on; the page needs a fresh start.